 Dungeon Crawl Stone Soup version 0.26-a0-610-g3e9335bbc7 (webtiles) character file.

Game seed: 1135403859967784940

2309 Descartes the Gouger (level 9, -8/41 HPs)
             Began as a Felid Transmuter on Sept 4, 2020.
             Mangled by an orc warrior
             ... wielding a +0 trident
              (25 damage)
             ... on level 8 of the Dungeon.
             The game lasted 00:19:54 (13290 turns).

Descartes the Gouger (Felid Transmuter)            Turns: 13290, Time: 00:19:55

Health: -8/41      AC:  2    Str:  9    XL:     9   Next: 18%
Magic:  13/13      EV: 23    Int: 21    God:
Gold:   352        SH:  0    Dex: 16    Spells: 4/12 levels left
                                        Lives:  0   Deaths: 2

rFire    . . .     SeeInvis +     - Unarmed
rCold    . . .     Faith    .   (shield unavailable)
rNeg     . . .     Spirit   .   (armour unavailable)
rPois    +         Reflect  .   (helmet unavailable)
rElec    .         Harm     .   (cloak unavailable)
rCorr    .                      (gloves unavailable)
MR       +....                  (boots unavailable)
Stlth    ++++......             g - amulet of the acrobat
HPRegen  0.13/turn              b - ring of poison resistance
MPRegen  0.13/turn              r - +6 ring of intelligence

@: appendages, slowed, slow
A: very small, no armour, no weapons or thrown items, stealth, claws 1, fangs 3,
horns 2, see invisible, speed 1, shaggy fur 2, sharp paws
a: End Transformation


You were on level 8 of the Dungeon.
You had grown temporary horns.
You visited 2 branches of the dungeon, and saw 9 of its levels.

You collected 456 gold pieces.
You spent 104 gold pieces at shops.

Inventory:

Jewellery
 b - a ring of poison resistance (left paw)
 g - an amulet of the acrobat (around neck)
 h - an uncursed ring of positive energy
 l - an uncursed ring of resist corrosion
 r - a +6 ring of intelligence (right paw)
Wands
 j - a wand of acid (12)
 q - a wand of digging (4)
Scrolls
 d - 3 scrolls of fear {unknown}
 e - 5 scrolls of remove curse
 f - 4 scrolls of teleportation
 i - a scroll of blinking {unknown}
 n - 2 scrolls of random uselessness {unknown}
 o - 2 scrolls of enchant armour {unknown}
 p - 2 scrolls of enchant weapon {unknown}
 v - a scroll of fog
 w - 3 scrolls of identify
Potions
 a - 2 potions of brilliance
 c - a potion of lignification
 k - 4 potions of curing
 m - a potion of invisibility {unknown}
 t - a potion of flight
 u - a potion of berserk rage


   Skills:
 - Level 6.0 Fighting
 + Level 8.0 Dodging
 + Level 8.3 Stealth
 * Level 8.3 Unarmed Combat
 - Level 2.0 Spellcasting
 + Level 5.9 Transmutations
 - Level 4.0 Evocations


You had 4 spell levels left.
You knew the following spells:

 Your Spells              Type           Power        Failure   Level
a - Beastly Appendage     Tmut           ####..       1%          1
b - Wereblood             Tmut           ####....     1%          2
c - Blade Hands           Tmut           ####......   36%         5

Your spell library contained the following spells:

 Spells                   Type           Power        Failure   Level
 Spider Form              Tmut/Pois      ##........   13%         3
 Foxfire                  Conj/Fire      #...         14%         1
 Conjure Flame            Conj/Fire      #.......     41%         3
 Inner Flame              Hex/Fire       #.......     41%         3
 Ice Form                 Ice/Tmut       ##......     41%         4
 Sticky Flame             Conj/Fire      #.......     82%         4
 Fireball                 Conj/Fire      #.........   99%         5


Dungeon Overview and Level Annotations

Branches:
Dungeon (8/15)             Temple (1/1) D:5            Lair (0/6) D:8

Altars:
Ashenzari
Cheibriados
Dithmenos
Elyvilon
Fedhas
Gozag
Hepliaklqana
Kikubaaqudgha
Makhleb
Nemelex Xobeh
Okawaru
Qazlal
Sif Muna
Uskayaw
Vehumet
Wu Jian
Xom
Yredelemnul
The Shining One
Lugonu

Shops:
D:7 ?*

Annotations:
D:5 3 runed translucent doors, Descartes's ghost, novice VSTm; fly's ghost, weakling DDDe; fly's ghost, weakling HuDe


Innate Abilities, Weirdness & Mutations

You cannot wear armour.
You are incapable of wielding weapons or throwing items.
Your paws allow you to move quietly. (Stealth)
You have sharp claws.
You have razor-sharp teeth.
You have supernaturally acute eyesight. (SInv)
You cover ground quickly.
You are covered in thick fur. (AC +2)
Your sharp claws are effective at attacking unaware monsters.
You have a pair of horns on your head.


Message History

You see here a +0 club.
You scratch the orc wizard.
The orc wizard is moderately wounded.
The orc wizard hits you with a +0 dagger.
The orc warrior misses you.
The orc wizard mumbles some strange words.
The orc wizard blinks!
The orc warrior completely misses you. The orc warrior completely misses you.
You barely miss the orc warrior. You claw the orc warrior.
The orc warrior is lightly wounded.
The orc wizard casts a spell.
The orc wizard blinks!
The orc warrior barely misses you.
You scratch the orc warrior.
The orc warrior is moderately wounded.
The orc warrior hits you with a +0 trident!!
You barely miss the orc warrior. You claw the orc warrior.
The orc warrior is heavily wounded.
The orc warrior hits you with a +0 trident!!
Ouch! That really hurt!
You die...

######### ## #.......######...#
#.......o@)...#...
#........####.#..# #........# .#
#..# #.......o##.#.#..#
#########.)..#.#..#
#######...#####....#.#..#
#..................#....#########
#.........#####......#†###......#
######.### ###..#.#...#.####.#


You could see an orc warrior and an orc wizard (fast).

Vanquished Creatures
  A two-headed ogre (D:8)
  A hippogriff (D:8)
  A water moccasin (D:7)
  3 porcupines
  An orc warrior (D:8)
  2 ice beasts
  3 black bears
  3 ogres
  2 crocodiles (D:8)
  A big kobold (D:4)
  4 bullfrogs (D:7)
  2 scorpions
  7 killer bees
  A howler monkey (D:4)
  2 vampire bats (D:3)
  3 wights (D:8)
  2 jellies
  4 orc wizards
  A hound (D:8)
  2 orc priests
  A centaur skeleton (D:8)
  3 worker ants
  4 gnolls
  6 adders
  3 white imps (D:7)
  2 ufetubi
  An adder zombie (D:5)
  2 worms
  5 leopard geckos
  26 orcs
  7 bats
  2 bat skeletons (D:3)
  2 bat zombies (D:3)
  8 giant cockroaches
  22 goblins
  4 hobgoblins
  3 jackals (D:5)
  6 kobolds
  2 quokkas
  2 ball pythons
  4 frilled lizards
  A jackal zombie (D:6)
  A leopard gecko skeleton (D:4)
  5 rats
168 creatures vanquished.

Vanquished Creatures (others)
  2 demonic plants (Temple)
  38 fungi (D:8)
  48 plants (D:8)
  4 withered plants (D:5)
92 creatures vanquished.

Grand Total: 260 creatures vanquished

Notes
Turn   | Place    | Note
-------+----------+-------------------------------------------
     0 | D:1      | Descartes the Felid Transmuter began the quest for the Orb.
     0 | D:1      | Reached XP level 1. HP: 9/9 MP: 4/4
    14 | D:1      | Reached skill level 1 in Stealth
    75 | D:1      | You fall into a shaft and drop 1 floor!
   134 | D:1      | Reached XP level 2. HP: 12/12 MP: 6/6
   792 | D:1      | Reached XP level 3. HP: 6/15 MP: 7/7
  1394 | D:2      | Found a stormy altar of Qazlal.
  1894 | D:3      | Reached skill level 5 in Stealth
  2043 | D:3      | Reached XP level 4. HP: 19/19 MP: 6/8
  3044 | D:3      | Found an ancient bone altar of Kikubaaqudgha.
  3072 | D:3      | Reached XP level 5. HP: 11/22 MP: 7/9
  3496 | D:4      | Noticed an ogre
  3511 | D:3      | HP: 1/22 [ogre/+0 giant spiked club (21)]
  4187 | D:4      | Found a blossoming altar of Fedhas.
  4266 | D:4      | Found a basalt altar of Yredelemnul.
  4283 | D:4      | Gained mutation: You are covered in thick fur. (AC +2)
                  | [Felid growth]
  4283 | D:4      | Reached XP level 6. HP: 18/25 MP: 10/10
  4715 | D:4      | Reached skill level 5 in Dodging
  5202 | D:4      | Found a shadowy altar of Dithmenos.
  5243 | D:4      | Reached skill level 5 in Unarmed Combat
  5413 | D:3      | Reached XP level 7. HP: 28/28 MP: 9/11
  5548 | D:3      | Found an ancient bone altar of Kikubaaqudgha.
  5811 | D:5      | Entered Level 5 of the Dungeon
  6097 | D:5      | Found a sparkling altar of Nemelex Xobeh.
  6490 | D:5      | Found a staircase to the Ecumenical Temple.
  6531 | D:5      | Found an iron altar of Okawaru.
  6933 | D:5      | Found a runed translucent gate.
  6933 | D:5      | Found a runed translucent gate.
  6933 | D:5      | Noticed Descartes's ghost (novice VSTm)
  6934 | D:5      | Found a runed translucent gate.
  6934 | D:5      | Noticed fly's ghost (weakling HuDe)
  6934 | D:5      | Noticed fly's ghost (weakling DDDe)
  7026 | D:5      | Found a shimmering altar of Xom.
  7190 | Temple   | Entered the Ecumenical Temple
  7535 | D:6      | Learned a level 2 spell: Wereblood
  8313 | D:7      | Reached XP level 8. HP: 35/35 MP: 9/12
  8438 | D:7      | Found a hide-covered altar of Uskayaw.
  8466 | D:7      | Found Boufeomn's Bounteous Boutique.
  8579 | D:7      | Reached skill level 5 in Fighting
  8580 | D:7      | Found Qieghoq's Magic Scroll Shop.
  8697 | D:7      | Bought a scroll of teleportation for 39 gold pieces
  8697 | D:7      | Bought a scroll of fog for 26 gold pieces
  8697 | D:7      | Bought a scroll of noise for 13 gold pieces
  8697 | D:7      | Bought a scroll of identify for 26 gold pieces
  8704 | D:7      | Learned a level 5 spell: Blade Hands
  8734 | D:7      | Found a hazy altar of Hepliaklqana.
  9300 | D:8      | Noticed a two-headed ogre
  9454 | D:7      | Reached skill level 1 in Evocations
  9856 | D:6      | HP: 1/37 [poisoned by a killer bee]
  9856 | D:6      | Slain by a killer bee
  9857 | D:6      | Reached XP level 7. HP: -3/33 MP: 11/11
 10685 | D:7      | Reached XP level 8. HP: 29/37 MP: 12/12
 11029 | D:7      | Impaled on a porcupine's spines
 11030 | D:7      | Reached XP level 7. HP: -5/34 MP: 11/11
 11146 | D:7      | Found Boufeomn's Bounteous Boutique.
 11185 | D:7      | Found a hide-covered altar of Uskayaw.
 11197 | D:7      | Found a hazy altar of Hepliaklqana.
 11355 | D:7      | Found Qieghoq's Magic Scroll Shop.
 11821 | D:8      | Reached skill level 5 in Transmutations
 12060 | D:8      | Reached XP level 8. HP: 29/38 MP: 12/12
 12593 | D:8      | Killed a two-headed ogre
 12666 | D:8      | Found a staircase to the Lair.
 12706 | D:8      | Noticed a hippogriff
 12714 | D:8      | Reached XP level 9. HP: 41/41 MP: 11/13
 13290 | D:8      | Mangled by an orc warrior

Illustrated notes

Levels and vault maps discovered:
D:1:      ncdulo_wetmaze, layout_basic
D:2:      layout_basic, grunt_qazlal_clouds
D:3:      layout_loops_ring, kennysheep_vampire_church
D:4:      layout_rooms, nicolae_overflow_hidden_temple, grunt_dithmenos_smoke,
          lemuel_round_altar, minmay_ogre_servants
D:5:      layout_loops_ring, marbit_many_paths, okawaru_altar_gauntlet_db,
          nemelex_xobeh_ov_fountains_minmay,
          minmay_temple_entry_enclosed_plants, gammafunk_ghost_cemetery,
          hangedman_abyss_or_decor_slice
D:6:      layout_basic
D:7:      layout_basic, eat_drink_and_be_merry_uskayaw, kennysheep_little_box,
          serial_shops, shop_statue, nicolae_alphabet_shops
D:8:      kennysheep_big_flooded_room, layout_basic, lemuel_doored_altar,
          due_lair_maze_entry_diamond, kennysheep_generic_room_4
Temple:   kb_corrupted_temple

Skill      XL: |  1  2  3  4  5  6  7  8  9 |
---------------+----------------------------+-----
Stealth        | 2 4 5 6 8 |  8.3
Dodging        | 3 4 6 7 8 |  8.0
Unarmed Combat | 4 5 6 8 |  8.3
Transmutations | 5 |  5.9
Fighting       | 3 6 |  6.0
Evocations     | 2 3 4 |  4.0
Spellcasting   | |  2.0

Action                   |  1- 3 |  4- 6 |  7- 9 || total
-------------------------+-------+-------+-------++-------
Melee: Unarmed           |    95 |   197 |   368 ||   660
       Bite              |     6 |    15 |    38 ||    59
       Headbutt          |     5 |    27 |    41 ||    73
       Punch             |     1 |     2 |    16 ||    19
 Cast: Beastly Appendage |    26 |    32 |    64 ||   122
       Wereblood         |       |       |     8 ||     8
  Use: Potion            |       |     1 |     2 ||     3
       Scroll            |       |       |     6 ||     6
 Stab: Sleeping          |    11 |     7 |    14 ||    32
Armor: Skin              |     2 |    13 |    21 ||    36
Dodge: Dodged            |    74 |   200 |   418 ||   692

Table legend: (Time is in decaauts)
 A = Elapsed time spent in this place.
 B = Non-inter-level travel time spent in this place.
 C = Inter-level travel time spent in this place.
 D = Time resting spent in this place.
 E = Time spent auto-exploring this place.
 F = Levels seen in this place.
 G = Mean time per level.
                   A        B        C        D        E       F      G
               +--------+--------+--------+--------+--------+-----+--------+
         Total |  12028 |  11644 |    384 |    779 |   9317 |   9 | 1336.4 |
       Dungeon |  11939 |  11571 |    368 |    779 |   9257 |   8 | 1492.4 |
        Temple |     88 |     73 |     15 |      0 |     60 |   1 |   88.0 |
               +--------+--------+--------+--------+--------+-----+--------+

Top non-repeatable levels by time:
     D:7: 2720 daAuts
     D:3: 1866 daAuts
     D:6: 1642 daAuts
     D:2: 1308 daAuts
     D:5: 1255 daAuts
     D:4: 1063 daAuts
     D:1: 1057 daAuts
     D:8: 1025 daAuts
  Temple: 88 daAuts
